 Dungeon Crawl Stone Soup version 0.31-a0-187-gba352fbbf7 (webtiles) character file.

Game seed: 7513070289166549393

17785 qw the Markself (level 12, -2/82 HPs)
             Began as a Deep Elf Hunter on June 22, 2023.
             Was an Elder of Okawaru.
             Slain by a cane toad (10 damage)
             ... on level 2 of the Lair of Beasts.
             The game lasted 00:05:16 (8577 turns).

qw the Markself (Deep Elf Hunter)                   Turns: 8577, Time: 00:05:17

Health: -2/82      AC: 16    Str: 12    XL:     12   Next: 21%
Magic:  15/17      EV: 29    Int: 16    God:    Okawaru [****..]
Gold:   445        SH:  0    Dex: 24    Spells: 11/11 levels left

rFire   . . .        n - +0 orcbow
rCold   . . .        (shield currently unavailable)
rNeg    . . .        r - +5 ring mail of Ficurph {rPois}
rPois   +            (no helmet)
rElec   .            (no cloak)
rCorr   .            k - +2 pair of gloves
SInv    .            p - +0 pair of boots
Will    +....        g - amulet of regeneration
Stlth   +++          i - +6 ring of dexterity
HPRegen 1.13/turn    d - +5 ring of evasion
MPRegen 0.15/turn

%: no passive effects
@: lethally poisoned (-2 -> -2), about to teleport, heroic
A: robust 1
a: Renounce Religion, Heroism, Finesse


You were on level 2 of the Lair of Beasts.
You worshipped Okawaru.
Okawaru was greatly pleased with you.
You visited 3 branches of the dungeon, and saw 13 of its levels.

You collected 613 gold pieces.
You spent 168 gold pieces at shops.


Innate Abilities, Weirdness & Mutations

You are robust. (+10% HP)


   Skills:
 + Level 8.9(13.9) Fighting
 - Level 16.0(21.0) Ranged Weapons
 - Level 4.3(9.3) Armour
 - Level 13.0(18.0) Dodging
 - Level 1.2(6.2) Stealth
 + Level 5.0 Invocations


You had 11 spell levels left.
You didn't know any spells.
Your spell library was empty.

Inventory:

Hand Weapons
 n - a +0 orcbow (weapon)
Armour
 k - a +2 pair of gloves (worn)
 p - a +0 pair of boots (worn)
 r - the +5 ring mail of Ficurph (worn) {rPois}
   (You found it on level 4 of the Dungeon)

   rPois:     It protects you from poison.
Jewellery
 d - a +5 ring of evasion (right hand)
 g - an amulet of regeneration (around neck)
 i - a +6 ring of dexterity (left hand)
 j - a ring of protection from fire
Wands
 l - a wand of digging (6)
Scrolls
 b - 10 scrolls of identify
 o - 4 scrolls of teleportation
Potions
 a - 2 potions of might
 c - 2 potions of enlightenment
 e - 4 potions of haste
 f - 3 potions of curing
 h - 3 potions of mutation

Dungeon Overview and Level Annotations

Branches:
Dungeon (10/15)            Temple (1/1) D:6            Lair (2/5) D:10
  Swamp: Lair:2-3    Shoals: Lair:2-3     Snake: Lair:2-3    Spider: Lair:2-3
    Orc: D:9-12

Altars:
Ashenzari
Cheibriados
Dithmenos
Elyvilon
Fedhas
Gozag
Hepliaklqana
Kikubaaqudgha
Makhleb
Nemelex Xobeh
Okawaru
Qazlal
Ru
Sif Muna
Trog
Uskayaw
Vehumet
Wu Jian
Xom
Yredelemnul
Zin
The Shining One

Shops:
D:2 :   D:5 ?

Portals:
Bailey: D:9

Annotations:
D:5 1 runed translucent door, Crazy Yiuf


Message History

The water moccasin completely misses you.
You shoot an arrow. The arrow hits the water moccasin!
You kill the water moccasin!
Okawaru accepts your kill.
You feel very sick. The cane toad closely misses you.
Your Invocations skill increases to level 5!
You shoot an arrow. The arrow barely misses the cane toad.
The arrow hits the basilisk.
The basilisk is lightly wounded.
You feel sick. The cane toad stings you!!
You are more poisoned.
The cane toad poisons you!
8571 ||| INVOKING Heroism.
You gain the combat prowess of a mighty hero.
You feel very sick. The cane toad completely misses you.
You shoot an arrow. The arrow hits the cane toad.
The cane toad is moderately wounded.
You feel very sick. The cane toad stings you!
You shoot an arrow. The arrow closely misses the cane toad.
The arrow hits the basilisk!
The basilisk is moderately wounded.
You feel very sick. The cane toad stings you.
You shoot an arrow. The arrow closely misses the basilisk.
You feel sick. The cane toad stings you. The basilisk completely misses you.
8575 ||| READING 5 scrolls of teleportation.
As you read the scroll of teleportation, it crumbles to dust.
You feel strangely unstable.
You feel very sick. The cane toad stings you! The basilisk barely misses you.
You shoot an arrow. The arrow hits the basilisk!!
The basilisk is almost dead.
You feel sick. The cane toad completely misses you.
The basilisk completely misses you.
You shoot an arrow. The arrow barely misses the basilisk.
You feel sick. The cane toad stings you!
You die...

###...####
##. ###..#
##...# #..###
##.## ##..#
#../##
#P##....##
.......F@.#
#.###..l.%..#
#......##
#.....#...
##.....###.
#....# #
#.P..# #...#.


You could see a cane toad and a basilisk.

Vanquished Creatures
  2 hydras
  Erolcha (D:10)
  2 two-headed ogres (D:10)
  Amaemon (Lair:1)
  A black mamba (Lair:1)
  A gargoyle (D:10)
  4 cane toads (Lair:1)
  An orange demon (Lair:1)
  Maggie (D:6)
  A komodo dragon (Lair:1)
  2 polar bears
  A hornet (D:10)
  Grinder (D:6)
  Prince Ribbit (D:6)
  3 blink frogs
  7 dream sheep (Lair:1)
  A shadow (D:9)
  Sigmund (D:3)
  A wyvern (D:10)
  Grum (Lair:1)
  10 yaks
  A wraith (D:9)
  3 steam dragons
  A basilisk (D:10)
  An acid dragon (D:8)
  8 water moccasins
  4 orc warriors
  4 sky beasts
  2 black bears
  4 ice beasts
  2 ogres
  8 wolves
  4 centaurs
  A phantom (D:5)
  A kobold brigand (D:8)
  3 gnoll sergeants
  8 bullfrogs
  6 scorpions
  9 killer bees
  An electric eel (Lair:1)
  4 howler monkeys
  A crimson imp (D:4)
  8 hounds
  2 gnoll boudas (D:6)
  2 orc priests
  3 iguanas (D:6)
  2 sleepcaps
  10 orc wizards
  16 gnolls
  8 adders
  2 shadow imps (D:8)
  2 ufetubi
  2 worms
  A dart slug (D:3)
  25 orcs
  5 bats
  4 endoplasms
  2 hobgoblins
  4 quokkas
  6 ball pythons
  2 frilled lizards
  5 goblins
  4 goblin skeletons (D:4)
  2 hobgoblin zombies (D:4)
  12 kobolds
  A kobold zombie (D:4)
  3 orc skeletons (D:4)
  An orc zombie (D:4)
  8 rats
  A spectral orc (D:6)
263 creatures vanquished.

Vanquished Creatures (others)
  An ufetubus (D:6)
  An orc (D:6)
2 creatures vanquished.

Grand Total: 265 creatures vanquished

Notes
Turn   | Place    | Note
-------+----------+-------------------------------------------
     0 | D:1      | qw the Deep Elf Hunter began the quest for the Orb.
     0 | D:1      | Reached XP level 1. HP: 12/12 MP: 3/3
     0 | D:1      | 0 ||| qw: Version: 0.3-a-9-g12657ce
     0 | D:1      | 0 ||| qw: Game counter: 2538
     0 | D:1      | 0 ||| qw: Always use a shield: true
     0 | D:1      | 0 ||| qw: God list: Okawaru
     0 | D:1      | 0 ||| qw: Allow faded altars: false
     0 | D:1      | 0 ||| qw: Do Orc after D:15 true
     0 | D:1      | 0 ||| qw: Do second Lair branch before Depths: true
     0 | D:1      | 0 ||| qw: Lair rune preference: random
     0 | D:1      | 0 ||| qw: Plans: Normal
     0 | D:1      | 0 ||| PLANNING D:1-11
   171 | D:1      | Reached XP level 2. HP: 16/16 MP: 4/4
   174 | D:1      | Reached skill level 6 in Ranged Weapons
   512 | D:1      | 512 ||| UPGRADING to +0 ring mail.
   522 | D:1      | 522 ||| DROPPING +0 leather armour.
   523 | D:1      | 523 ||| UPGRADING to +5 ring of evasion.
   524 | D:1      | 524 ||| READING scroll labelled NOICEUXT UFIE.
   525 | D:1      | 525 ||| READING scroll labelled DOQI SOMALE.
   526 | D:1      | 526 ||| READING scroll labelled ZIUPRU DUEXT.
   529 | D:1      | 529 ||| DRINKING 2 pink potions.
   530 | D:1      | 530 ||| DRINKING 2 glowing clear potions.
   530 | D:1      | Gained mutation: You are robust. (+10% HP) [potion of
                  | mutation]
   534 | D:1      | 534 ||| DROPPING scroll of butterflies.
   551 | D:2      | Found Bemen's Vocational Training.
   695 | D:2      | Reached XP level 3. HP: 22/22 MP: 5/5
  1196 | D:2      | 1196 ||| READING 2 scrolls labelled IFFEIL ZYCWOSM.
  1197 | D:2      | 1197 ||| READING scroll labelled KEXIDEJUTZIJ.
  1198 | D:2      | 1198 ||| READING scroll labelled FADGHU CEODWIOV.
  1199 | D:2      | 1199 ||| READING scroll labelled CENUACSON.
  1200 | D:2      | 1200 ||| DRINKING 2 bubbling blue potions.
  1201 | D:2      | 1201 ||| DRINKING 2 clear potions.
  1202 | D:2      | 1202 ||| DRINKING 2 sedimented grey potions.
  1262 | D:2      | 1262 ||| DROPPING scroll of vulnerability.
  1263 | D:2      | 1263 ||| DROPPING potion of lignification.
  1286 | D:3      | Noticed Sigmund
  1291 | D:3      | Reached skill level 7 in Ranged Weapons
  1292 | D:3      | Killed Sigmund
  1293 | D:3      | Reached skill level 9 in Ranged Weapons
  1293 | D:3      | Reached XP level 4. HP: 27/27 MP: 6/6
  1293 | D:3      | Reached XP level 5. HP: 31/31 MP: 7/7
  1306 | D:3      | 1306 ||| READING scroll of enchant armour.
  1306 | D:3      | 1306 ||| ENCHANTING +0 ring mail.
  1453 | D:3      | 1453 ||| Stepping ~*~*~tactically~*~*~ (outnumbered).
  1456 | D:3      | 1456 ||| Stepping ~*~*~tactically~*~*~ (outnumbered).
  1463 | D:3      | HP: 5/33 [gnoll/+0 halberd (10)]
  1654 | D:3      | 1654 ||| FLEEEEING.
  1655 | D:3      | 1655 ||| FLEEEEING.
  1656 | D:3      | 1656 ||| FLEEEEING.
  1657 | D:3      | 1657 ||| FLEEEEING.
  1658 | D:3      | 1658 ||| FLEEEEING.
  1659 | D:3      | 1659 ||| FLEEEEING.
  1660 | D:3      | 1660 ||| FLEEEEING.
  1661 | D:3      | 1661 ||| FLEEEEING.
  1662 | D:3      | 1662 ||| FLEEEEING.
  1663 | D:3      | 1663 ||| FLEEEEING.
  1664 | D:3      | 1664 ||| FLEEEEING.
  1665 | D:3      | 1665 ||| FLEEEEING.
  1666 | D:3      | 1666 ||| FLEEEEING.
  1667 | D:3      | 1667 ||| FLEEEEING.
  1670 | D:3      | 1670 ||| FLEEEEING.
  1674 | D:3      | 1674 ||| FLEEEEING.
  1675 | D:3      | 1675 ||| FLEEEEING.
  1677 | D:3      | 1677 ||| FLEEEEING.
  1679 | D:3      | 1679 ||| FLEEEEING.
  1680 | D:3      | 1680 ||| FLEEEEING.
  1681 | D:3      | 1681 ||| FLEEEEING.
  1682 | D:3      | 1682 ||| FLEEEEING.
  1683 | D:3      | 1683 ||| FLEEEEING.
  1684 | D:3      | 1684 ||| STAIRDANCE
  1706 | D:2      | 1706 ||| UPGRADING to amulet of regeneration.
  1711 | D:2      | 1711 ||| READING scroll labelled PAQUFEMUQA.
  1812 | D:2      | 1812 ||| READING scroll labelled EPPEOR AJ ASHRAIRO.
  1813 | D:2      | 1813 ||| READING scroll labelled QAXIEGHEGA.
  1818 | D:3      | 1818 ||| STAIRDANCE
  1836 | D:3      | Reached XP level 6. HP: 38/38 MP: 8/8
  1869 | D:3      | Found a broken altar of Ashenzari.
  2065 | D:3      | 2065 ||| READING 3 scrolls of identify.
  2065 | D:3      | 2065 ||| IDENTIFYING fuming brown potion
  2075 | D:4      | 2075 ||| STAIRDANCE
  2144 | D:4      | Reached skill level 10 in Ranged Weapons
  2279 | D:4      | Reached skill level 3 in Dodging
  2289 | D:4      | Found a burning altar of Makhleb.
  2408 | D:4      | Reached XP level 7. HP: 44/44 MP: 9/9
  2414 | D:4      | Found a glowing golden altar of the Shining One.
  2612 | D:4      | Identified the +5 ring mail of Ficurph {rPois}
  2614 | D:4      | 2614 ||| DROPPING +2 robe of fire resistance.
  2615 | D:4      | 2615 ||| UPGRADING to +5 ring mail of Ficurph {rPois}.
  2625 | D:4      | 2625 ||| DROPPING +1 ring mail.
  2626 | D:4      | 2626 ||| DROPPING +6 ring of intelligence.
  2627 | D:4      | 2627 ||| READING scroll labelled VUNAHENEIX.
  2628 | D:4      | 2628 ||| READING scroll labelled JURPHU KAEZES.
  2628 | D:4      | Identified a scroll of acquirement
  2628 | D:4      | 2628 ||| ACQUIRING ring "Ahuperphi" {rC+ Will+ MP+9 Str+2
                  | Int-2}
  2628 | D:4      | Acquired the ring "Ahuperphi" {rC+ Will+ MP+9 Str+2 Int-2}
  2630 | D:4      | 2630 ||| UPGRADING to ring "Ahuperphi" {rC+ Will+ MP+9
                  | Str+2 Int-2}.
  2687 | D:4      | 2687 ||| READING scroll labelled MECREV SIFOAW.
  2688 | D:4      | 2688 ||| READING 5 scrolls of identify.
  2688 | D:4      | 2688 ||| IDENTIFYING fizzy grey potion
  2689 | D:4      | 2689 ||| READING 4 scrolls of identify.
  2689 | D:4      | 2689 ||| IDENTIFYING fuming green potion
  2690 | D:4      | 2690 ||| DROPPING potion of ambrosia.
  2696 | D:5      | Entered Level 5 of the Dungeon
  2785 | D:5      | Reached skill level 11 in Ranged Weapons
  2829 | D:5      | Found Joother's Magic Scroll Shop.
  2847 | D:5      | 2847 ||| BUYING 2 scrolls of identify (56 gold).
  2847 | D:5      | Bought 2 scrolls of identify for 56 gold pieces
  2847 | D:5      | 2847 ||| BUYING 3 scrolls of identify (84 gold).
  2847 | D:5      | Bought 3 scrolls of identify for 84 gold pieces
  2847 | D:5      | 2847 ||| SHOPLISTING scroll of acquirement (728 gold, have
                  | 104).
  2847 | D:5      | 2847 ||| BUYING scroll of identify (28 gold).
  2847 | D:5      | Bought a scroll of identify for 28 gold pieces
  2905 | D:5      | Reached skill level 12 in Ranged Weapons
  3001 | D:5      | Reached skill level 1 in Armour
  3037 | D:5      | Reached XP level 8. HP: 48/48 MP: 10/10
  3065 | D:5      | Reached skill level 3 in Fighting
  3098 | D:5      | Found a runed translucent door.
  3099 | D:5      | Noticed Crazy Yiuf
  3166 | D:5      | 3166 ||| UPGRADING to +6 ring of dexterity.
  3168 | D:5      | 3168 ||| UPGRADING to +5 ring of evasion.
  3170 | D:5      | 3170 ||| DROPPING ring "Ahuperphi" {rC+ Will+ MP+9 Str+2
                  | Int-2}.
  3255 | D:6      | Found a hazy altar of Hepliaklqana.
  3291 | D:6      | Reached skill level 13 in Ranged Weapons
  3299 | D:6      | 3299 ||| FLEEEEING.
  3365 | D:6      | Noticed Grinder
  3374 | D:6      | Killed Grinder
  3384 | D:6      | Reached skill level 14 in Ranged Weapons
  3386 | D:6      | Noticed Maggie
  3388 | D:6      | Reached XP level 9. HP: 56/56 MP: 11/11
  3391 | D:6      | Reached skill level 6 in Dodging
  3411 | D:6      | Killed Maggie
  3461 | D:6      | Found a shimmering blue altar of Sif Muna.
  3531 | D:6      | 3531 ||| Stepping ~*~*~tactically~*~*~ (cloud).
  3603 | D:6      | Noticed Prince Ribbit
  3617 | D:6      | Killed Prince Ribbit
  3699 | D:6      | Found a staircase to the Ecumenical Temple.
  3700 | D:6      | 3700 ||| PLANNING TEMPLE
  3711 | Temple   | Entered the Ecumenical Temple
  3734 | Temple   | 3734 ||| PLANNING OKAWARU WORSHIP
  3840 | Temple   | Became a worshipper of Warmaster Okawaru
  3841 | Temple   | 3841 ||| PLANNING D:1-11
  4005 | D:6      | Found a basalt altar of Yredelemnul.
  4066 | D:7      | 4066 ||| Stepping ~*~*~tactically~*~*~ (outnumbered).
  4172 | D:7      | Reached skill level 9 in Dodging
  4333 | D:6      | 4333 ||| Stepping randomly (stuck).
  4477 | D:7      | Reached XP level 10. HP: 64/64 MP: 12/12
  4610 | D:7      | Found a blossoming altar of Fedhas.
  4625 | D:7      | 4625 ||| SWAPPING to +0 orcbow.
  4628 | D:7      | 4628 ||| DROPPING +1 shortbow of draining.
  4663 | D:7      | Identified the +3 ring mail of Dasey {rPois}
  4977 | D:7      | 4977 ||| DROPPING +3 ring mail of Dasey {rPois}.
  4978 | D:7      | 4978 ||| READING 10 scrolls of identify.
  4978 | D:7      | 4978 ||| IDENTIFYING murky silvery potion
  4979 | D:7      | 4979 ||| DROPPING potion of brilliance.
  5032 | D:8      | 5032 ||| Stepping ~*~*~tactically~*~*~ (cloud).
  5033 | D:8      | 5033 ||| Stepping ~*~*~tactically~*~*~ (cloud).
  5048 | D:8      | 5048 ||| Stepping ~*~*~tactically~*~*~ (cloud).
  5049 | D:8      | Reached * piety under Okawaru
  5109 | D:8      | Reached skill level 1 in Invocations
  5224 | D:8      | Reached skill level 15 in Ranged Weapons
  5498 | D:8      | 5498 ||| Stepping ~*~*~tactically~*~*~ (outnumbered).
  5501 | D:8      | Reached skill level 3 in Invocations
  5647 | D:8      | 5647 ||| INVOKING Heroism.
  5703 | D:8      | 5703 ||| FLEEEEING.
  5704 | D:8      | 5704 ||| FLEEEEING.
  5837 | D:8      | 5837 ||| UPGRADING to +0 pair of gloves.
  5842 | D:8      | 5842 ||| READING scroll of enchant armour.
  5842 | D:8      | 5842 ||| ENCHANTING +0 pair of gloves.
  5843 | D:8      | 5843 ||| READING 10 scrolls of identify.
  5843 | D:8      | 5843 ||| IDENTIFYING inky potion
  5844 | D:8      | 5844 ||| DROPPING potion of invisibility.
  5889 | D:9      | 5889 ||| INVOKING Heroism.
  5898 | D:9      | 5898 ||| Stepping ~*~*~tactically~*~*~ (cloud).
  5951 | D:9      | Identified the +3 war axe "Gism" {distort, *Slow rCorr
                  | Dex+4}
  5952 | D:9      | 5952 ||| INVOKING Heroism.
  6036 | D:9      | 6036 ||| INVOKING Heroism.
  6042 | D:9      | Reached skill level 16 in Ranged Weapons
  6065 | D:9      | Found a glowing silver altar of Zin.
  6107 | D:9      | Reached skill level 6 in Fighting
  6119 | D:9      | Reached ** piety under Okawaru
  6121 | D:9      | 6121 ||| READING scroll of enchant armour.
  6121 | D:9      | 6121 ||| ENCHANTING +1 pair of gloves.
  6163 | D:9      | 6163 ||| INVOKING Heroism.
  6233 | D:9      | Found a flagged portal.
  6308 | D:9      | 6308 ||| INVOKING Heroism.
  6437 | D:10     | Entered Level 10 of the Dungeon
  6486 | D:10     | Identified the +2 falchion of Impermanence {venom, rElec
                  | rC+ Will- rCorr}
  6605 | D:10     | Noticed a gargoyle
  6610 | D:10     | 6610 ||| INVOKING Heroism.
  6614 | D:10     | Killed a gargoyle
  6660 | D:10     | Noticed a two-headed ogre
  6661 | D:10     | 6661 ||| INVOKING Heroism.
  6671 | D:10     | Killed a two-headed ogre
  6672 | D:10     | Reached XP level 11. HP: 72/72 MP: 14/16
  6750 | D:10     | Noticed a two-headed ogre
  6751 | D:10     | 6751 ||| INVOKING Heroism.
  6762 | D:10     | Killed a two-headed ogre
  6859 | D:10     | Noticed Erolcha
  6860 | D:10     | 6860 ||| INVOKING Heroism.
  6870 | D:10     | Killed Erolcha
  7046 | D:10     | 7046 ||| Stepping ~*~*~tactically~*~*~ (outnumbered).
  7069 | D:10     | Reached *** piety under Okawaru
  7072 | D:10     | 7072 ||| INVOKING Heroism.
  7082 | D:10     | Reached skill level 3 in Armour
  7089 | D:10     | Found a staircase to the Lair.
  7092 | D:10     | Identified the +5 dagger of Forgiveness {freeze, rN++ Will+
                  | Str-4}
  7209 | D:10     | 7209 ||| PLANNING LAIR
  7209 | D:10     | 7209 ||| UPGRADING to +0 pair of boots.
  7266 | Lair:1   | Entered Level 1 of the Lair of Beasts
  7268 | Lair:1   | 7268 ||| INVOKING Heroism.
  7276 | Lair:1   | Noticed Grum
  7295 | Lair:1   | Noticed Amaemon
  7298 | Lair:1   | 7298 ||| STAIRDANCE
  7300 | D:10     | 7300 ||| INVOKING Heroism.
  7320 | D:10     | 7320 ||| INVOKING Heroism.
  7352 | Lair:1   | 7352 ||| INVOKING Heroism.
  7367 | Lair:1   | Killed Amaemon
  7368 | Lair:1   | Reached skill level 12 in Dodging
  7377 | Lair:1   | 7377 ||| STAIRDANCE
  7379 | D:10     | 7379 ||| INVOKING Heroism.
  7430 | Lair:1   | 7430 ||| INVOKING Heroism.
  7446 | Lair:1   | Killed Grum
  7458 | Lair:1   | 7458 ||| INVOKING Heroism.
  7491 | Lair:1   | 7491 ||| INVOKING Heroism.
  7586 | Lair:1   | 7586 ||| INVOKING Heroism.
  7660 | Lair:1   | 7660 ||| INVOKING Heroism.
  7874 | Lair:1   | 7874 ||| INVOKING Heroism.
  7918 | Lair:1   | 7918 ||| INVOKING Heroism.
  7998 | Lair:1   | 7998 ||| INVOKING Heroism.
  8006 | Lair:1   | Reached XP level 12. HP: 80/80 MP: 15/17
  8013 | Lair:1   | Reached **** piety under Okawaru
  8043 | Lair:1   | Noticed a seven-headed hydra
  8044 | Lair:1   | 8044 ||| INVOKING Heroism.
  8053 | Lair:1   | Killed a seven-headed hydra
  8412 | Lair:2   | 8412 ||| INVOKING Heroism.
  8442 | Lair:2   | Noticed an eight-headed hydra
  8443 | Lair:2   | 8443 ||| INVOKING Heroism.
  8457 | Lair:2   | Killed an eight-headed hydra
  8459 | Lair:2   | HP: 18/82 [wyvern (9)]
  8460 | Lair:2   | 8460 ||| READING 6 scrolls of teleportation.
  8461 | Lair:2   | 8461 ||| DRINKING potion of heal wounds.
  8571 | Lair:2   | 8571 ||| INVOKING Heroism.
  8574 | Lair:2   | HP: 20/82 [cane toad (2)]
  8575 | Lair:2   | 8575 ||| READING 5 scrolls of teleportation.
  8577 | Lair:2   | HP: 8/82 [poisoned by a cane toad]
  8577 | Lair:2   | Slain by a cane toad

Levels and vault maps discovered:
D:1:      sevenhm_arrival_forest_fort_small_5, layout_basic
D:2:      layout_loops_ring, grunt_decor_one_mirror, nicolae_shop_vocational
D:3:      layout_rooms, old_standard_altar, uniq_sigmund
D:4:      layout_rooms, nicolae_tso_besieged_by_evil,
          mainiacjoe_overflow_cross_hatched, grunt_ministairs_13
D:5:      layout_rooms, serial_shops, nicolae_shop_window_shopping,
          bh_walls_and_bars, uniq_crazy_yiuf_cottage
D:6:      layout_rooms, yredelemnul_forgotten_temple_becter,
          kennysheep_orc_sif_temple, nicolae_overflow_hidden_temple,
          minmay_temple_entry_glass, serial_bayou_pond_b, uniq_prince_ribbit1,
          uniq_maggie, uniq_grinder
D:7:      layout_loops_ring, fedhas_bush_and_centaur_altar
D:8:      layout_cave_pods, grunt_ministairs_12
D:9:      layout_cave_pools, marbit_many_paths, enter_bailey_3
D:10:     layout_long_grid, david_lair_generic, uniq_erolcha
Temple:   nicolae_temple_superstar
Lair:1:   layout_gridlike, serial_bayou_shore_a, grunt_megastairs_5, uniq_grum,
          uniq_amaemon
Lair:2:   layout_roguey, nicolae_spider_entry_orb_guardian, minivault_24

Skill      XL: |  1  2  3  4  5  6  7  8  9 10 11 12 |
---------------+-------------------------------------+-----
Ranged Weapons | 6 9 10 12 14 16 | 16.0
Fighting       | 2 3 5 6 8 |  8.9
Dodging        | 3 4 5 9 10 13 | 13.0
Armour         | 1 2 4 |  4.3
Invocations    | 4 5 |  5.0
Stealth        | |  1.2

Action                     |  1- 3 |  4- 6 |  7- 9 | 10-12 || total
---------------------------+-------+-------+-------+-------++-------
   Fire: Shortbow          |    60 |    98 |   377 |    19 ||   554
         Orcbow            |       |       |       |   649 ||   649
 Invoke: Heroism           |       |       |       |    28 ||    28
    Use: Scroll            |     7 |     5 |     5 |     6 ||    23
         Potion            |     5 |       |       |     1 ||     6
 Armour: Ring mail         |       |     8 |    52 |    94 ||   154
  Dodge: Dodged            |     7 |    22 |   142 |   722 ||   893

Table legend:
 A = Non-vault XP
 B = Vault XP
 C = Vault XP percentage of total XP
 D = Non-vault monster count
 E = Vault monster count
 F = Vault count percentage of total count
                 A         B        C        D         E       F
            +---------+---------+-------+---------+---------+-------
      Total |   18463 |    6945 |  27.3 |     204 |      59 |  22.4
            +---------+---------+-------+---------+---------+-------
        D:1 |      26 |       0 |   0.0 |      18 |       0 |   0.0
        D:2 |      26 |       0 |   0.0 |      11 |       0 |   0.0
        D:3 |     135 |     301 |  69.0 |      18 |       2 |  10.0
        D:4 |     191 |      72 |  27.4 |       8 |      13 |  61.9
        D:5 |     939 |       0 |   0.0 |      21 |       0 |   0.0
        D:6 |    1038 |    1693 |  62.0 |      20 |      17 |  45.9
        D:7 |    1563 |     108 |   6.5 |      24 |       1 |   4.0
        D:8 |    1612 |     317 |  16.4 |      20 |       6 |  23.1
        D:9 |    1900 |      94 |   4.7 |      20 |       5 |  20.0
       D:10 |    3384 |    1818 |  34.9 |      15 |       7 |  31.8
     Lair:1 |    5704 |    2542 |  30.8 |      21 |       8 |  27.6
     Lair:2 |    1945 |       0 |   0.0 |       8 |       0 |   0.0
            +---------+---------+-------+---------+---------+-------
